AoeStats
← hadibaaayım

Black Forest

510149350Analyzed
2v2 RM · 3d ago on Sep 29, 2026· 30m 4s· 4 players
Game mode
Random Map
Map size
Medium (4 player)
Population
200
Speed
Normal
Resources
Standard
Victory
Conquest
Starting age
Dark Age
Ending age
Imperial Age
RankedLock teamsTeams togetherTeam positionsShared explorationLock speedFull tech treeHidden civsTurbo modeCheats
Victory
Defeat
🇩🇪 Huns · Germany
1188
+13
🇹🇷 Franks · Türkiye
1148
+15
🇭🇳 Bohemians · Honduras
1128
-14
🇬🇹 Sicilians · Guatemala
1128
-14
hadibaaayım
1:06 Loom
11:53 Feudal Age
12:41 Double-Bit Axe
16:38 Castle Age
17:32 Bow Saw
27:55 Caravan
28:25 Coinage
28:15 Gold Mining
28:15 Stone Mining
28:59 Ordonnance Companies
32:27 Imperial Age
Han.
0:38 Loom
14:38 Feudal Age
18:23 Castle Age
16:05 Horse Collar
16:34 Double-Bit Axe
19:12 Heavy Plow
22:06 Bow Saw
21:59 Gold Mining
23:04 Town Watch
24:06 Scale Barding Armor
25:16 Chain Barding Armor
25:45 Forging
27:55 Iron Casting
29:43 Bloodlines
BuffLosMayas
0:33 Loom
14:19 Feudal Age
23:09 Castle Age
21:47 Forging
22:50 Horse Collar
23:05 Stone Mining
24:09 Bloodlines
25:04 Iron Casting
25:31 Wheelbarrow
26:55 Gold Mining
27:16 Scale Mail Armor
27:15 Double-Bit Axe
rosmikistrikis
0:32 Loom
11:17 Feudal Age
12:07 Double-Bit Axe
14:26 Horse Collar
19:36 Castle Age
21:03 Crossbowman
29:04 Imperial Age
26:53 Fervor
26:52 Pikeman
28:36 Forging
28:29 Scale Mail Armor
29:20 Sanctity
29:18 Bow Saw
29:30 Heavy Plow
29:41 Halberdier
Connection lost

Rejoining the realm…

Still unreachable

The connection could not be restored.

Session expired

The server has moved on; the page needs a fresh start.